Map: Berlingrad LE

Players

ftwoamove - Winner!

  • Race: Terran Terran
  • League: Platinum
  • Spawn Location: 5:00

Cyconfire

  • Race: Zerg Zerg
  • League: Platinum
  • Spawn Location: 11:00

VOD

Have the link to the VOD?

Description

Time

  • Played on: May 23, 2022, 1:03 p.m.
  • Length: 11:29
Show
View Real Time Build Order
Export as new Build Order

ftwoamove Terran - Winner!

Build Orders:  

Get SALT Encoding   

  12  0:00  SCV  
  13  0:12  SCV  
  14  0:17  Supply Depot  
  14  0:24  SCV  
  15  0:39  SCV  
  15  0:42  Barracks  
  16  0:49  Refinery  
  16  0:53  SCV  
  17  1:05  SCV  
  18  1:17  SCV  
  19  1:30  Orbital Command  
  19  1:33  Marine  
  20  1:42  Command Center  
  20  2:00  SCV, Supply Depot  
  21  2:09  Factory  
  21  2:12  SCV  
  22  2:18  Barracks Reactor  
  22  2:24  SCV  
  23  2:36  SCV  
  24  2:46  Refinery  
  24  2:48  SCV  
  25  2:58  Orbital Command  
  25  3:00  SCV  
  26  3:08  Marine x2  
  26  3:10  Factory Tech Lab  
  28  3:16  Barracks  
  28  3:18  SCV  
  29  3:26  SCV  
  30  3:30  SCV  
  30  3:32  Marine x2  
  33  3:34  Siege Tank  
  33  3:38  SCV  
  37  3:42  SCV  
  37  3:44  Starport  
  38  3:50  SCV, Supply Depot  
  38  3:51  Marine x2  
  38  3:52  Supply Depot  
  38  3:54  SCV  
  42  4:02  SCV  
  43  4:06  SCV  
  44  4:11  Barracks Tech Lab  
  44  4:14  SCV  
  44  4:16  Marine  
  44  4:17  Marine  
  46  4:18  SCV, Siege Tank  
  51  4:26  SCV  
  51  4:27  Starport Reactor  
  51  4:29  Refinery  
  51  4:30  SCV, Refinery  
  53  4:36  Marauder, Marine x2  
  57  4:38  SCV  
  58  4:47  Supply Depot  
  58  4:50  SCV x2  
  60  4:53  Marine  
  61  5:02  SCV  
  61  5:03  Supply Depot  
  61  5:05  Command Center  
  62  5:08  Marine  
  62  5:09  SCV, Siege Tank  
  62  5:13  Supply Depot  
  67  5:14  SCV  
  67  5:16  Supply Depot  
  67  5:19  Marine  
  67  5:20  Engineering Bay  
  67  5:21  SCV, Engineering Bay  
  70  5:25  Medivac  
  70  5:26  SCV  
  73  5:33  SCV  
  73  5:35  Marine x2  
  76  5:37  Medivac  
  76  5:38  SCV  
  79  5:43  Supply Depot  
  79  5:44  Stimpack  
  79  5:45  SCV  
  79  5:48  Marine  
  81  5:50  SCV  
  81  5:56  Marauder  
  84  6:06  SCV x2  
  84  6:07  Marine x2  
  84  6:09  Medivac x2  
  92  6:18  SCV x2  
  92  6:19  Marine  
  92  6:25  Marine x2  
  95  6:30  SCV x2  
  99  6:37  Marine  
  100  6:41  Terran Infantry Weapons Level 1  
  100  6:42  Terran Infantry Armor Level 1  
  100  6:43  SCV x2, Marine x2  
  104  6:49  Barracks  
  104  6:51  Barracks  
  104  6:55  SCV, Marine  
  106  7:06  Marine x2  
  91  7:13  Marine  
  89  7:20  Medivac x2  
  92  7:24  Marine x2  
  92  7:29  SCV x2  
  96  7:30  Marine  
  96  7:35  Combat Shield  
  90  7:40  Barracks  
  90  7:41  SCV, Barracks  
  90  7:42  Marine x2  
  90  7:43  Barracks  
  91  7:46  SCV  
  91  7:48  Orbital Command, Marine  
  90  7:53  SCV  
  90  7:56  Barracks Tech Lab  
  90  7:57  Barracks Reactor  
  91  8:00  Marine x2  
  91  8:04  SCV  
  94  8:06  SCV, Marine  
  96  8:16  SCV  
  96  8:18  SCV, Marine x2  
  100  8:21  Marine  
  100  8:24  Marauder  
  98  8:28  SCV  
  98  8:30  SCV  
  98  8:31  Command Center  
  98  8:35  Marine x2  
  98  8:39  Marine x3  
  98  8:40  Barracks Tech Lab  
  98  8:41  Barracks Tech Lab, Barracks Reactor  
  103  8:45  Marine  
  104  8:48  Supply Depot  
  104  8:49  Supply Depot  
  104  8:50  Supply Depot  
  104  8:51  Supply Depot  
  104  8:53  Marine x2  
  106  8:56  Armory, Marine x2  
  106  8:57  Marauder, Medivac x2  
  106  8:59  Concussive Shells  
  114  9:04  Marauder  
  116  9:10  Marauder x2  
  116  9:11  Marine x2  
  116  9:14  Marine x2  
  116  9:15  Supply Depot  
  116  9:16  Supply Depot x2  
  124  9:17  Refinery  
  124  9:18  Marine  
  124  9:20  SCV x2, Refinery  
  124  9:21  SCV  
  124  9:22  Marine  
  129  9:24  Marine  
  129  9:27  Medivac  
  129  9:29  Marine  
  133  9:32  Marauder x2  
  133  9:36  Marauder  
  139  9:43  SCV x2, Marauder  
  139  9:44  SCV  
  144  9:47  Marine x4  
  144  9:48  Marine x2  
  144  9:50  Medivac  
  152  9:52  Marine  
  152  9:53  Marauder  
  152  9:55  SCV  
  152  9:56  Supply Depot  
  152  9:57  Marine  
  152  9:58  Supply Depot  
  157  10:04  Marauder  
  157  10:05  Marine  
  160  10:11  Marauder  
  160  10:12  Marine x5  
  167  10:14  Marine  
  167  10:15  Marine  
  169  10:23  Marine  
  169  10:25  Marine  
  171  10:29  Marine  
  172  10:35  Barracks  
  172  10:36  Planetary Fortress  
  172  10:38  SCV x3  
  172  10:39  Barracks x2  
  137  10:45  Marine x6  
  141  10:50  SCV x3  
  144  11:04  Marine x2  
  144  11:05  Marine x8  
Show
View Real Time Build Order
Export as new Build Order

Cyconfire Zerg 

Build Orders: Hatch First 

Get SALT Encoding   

  12  0:03  Drone  
  13  0:13  Overlord  
  13  0:17  Drone  
  14  0:32  Drone x2  
  16  0:37  Drone  
  17  0:53  Hatchery  
  16  0:57  Drone  
  16  1:00  Extractor  
  16  1:02  Drone  
  17  1:15  Spawning Pool  
  16  1:21  Drone  
  16  1:23  Drone  
  18  1:30  Drone  
  19  1:40  Drone  
  20  1:51  Drone  
  21  2:03  Metabolic Boost  
  21  2:04  Queen  
  21  2:05  Queen  
  25  2:09  Zergling x2  
  25  2:10  Zergling x2  
  27  2:16  Overlord  
  27  2:32  Drone  
  28  2:38  Drone  
  28  2:39  Drone x2  
  28  2:40  Overlord  
  31  2:49  Pneumatized Carapace  
  31  2:53  Drone x2  
  31  2:55  Overlord  
  33  3:07  Drone  
  33  3:08  Drone  
  35  3:21  Hatchery  
  35  3:23  Roach Warren, Drone  
  34  3:28  Drone x2  
  34  3:30  Drone  
  34  3:32  Drone  
  38  3:44  Overlord  
  38  3:46  Drone x3  
  38  3:47  Drone  
  42  3:52  Overlord  
  42  3:53  Drone x2  
  44  4:04  Drone x3  
  47  4:12  Drone  
  47  4:13  Drone  
  49  4:19  Extractor  
  49  4:22  Drone x3  
  51  4:26  Drone x2  
  51  4:27  Drone x3  
  56  4:31  Extractor  
  56  4:32  Extractor  
  54  4:39  Queen  
  54  4:42  Drone x3  
  59  5:02  Zergling x2  
  59  5:03  Zergling x10  
  59  5:04  Zergling x2  
  66  5:08  Overlord x2  
  66  5:22  Lair  
  66  5:28  Evolution Chamber  
  65  5:34  Baneling Nest, Evolution Chamber  
  63  5:36  Drone x3  
  63  5:37  Drone x7  
  73  5:50  Zergling x6  
  73  5:51  Zergling x10  
  81  6:04  Spore Crawler  
  81  6:06  Spore Crawler  
  81  6:10  Spore Crawler x2  
  77  6:12  Spore Crawler x2  
  77  6:14  Drone x5  
  77  6:15  Drone x2  
  77  6:16  Overlord x4  
  82  6:20  Zerg Melee Weapons Level 1, Zerg Ground Armor Level 1  
  82  6:23  Spore Crawler  
  82  6:25  Spore Crawler x2  
  80  6:29  Spire  
  78  6:34  Centrifugal Hooks  
  78  6:42  Zergling x4, Extractor  
  78  6:43  Zergling x12  
  78  6:44  Zergling x2, Extractor  
  37  7:31  Zergling x8  
  37  7:32  Zergling x14  
  37  7:33  Zergling x12  
  49  7:39  Drone x3  
  49  7:40  Drone x4  
  53  7:46  Drone  
  53  7:54  Queen  
  53  7:55  Queen  
  53  7:58  Drone x3  
  60  7:59  Drone  
  61  8:08  Drone x3  
  64  8:14  Overseer  
  64  8:17  Drone x3  
  54  8:39  Drone x4  
  54  8:40  Drone x5  
  62  8:49  Drone x2  
  64  8:56  Baneling x6  
  64  8:57  Baneling x2  
  64  9:04  Zerg Melee Weapons Level 2  
  64  9:05  Zerg Ground Armor Level 2  
  64  9:12  Drone x2  
  64  9:13  Drone x5  
  71  9:26  Infestation Pit  
  70  9:32  Corruptor x4  
  70  9:33  Corruptor x2  
  82  9:56  Zergling x2  
  82  9:57  Zergling x14  
  82  9:58  Zergling x12  
  82  9:59  Zergling x2  
  97  10:07  Pathogen Glands  
  97  10:19  Baneling x2  
  97  10:20  Baneling x5  
  97  10:21  Baneling x2  
  97  10:22  Zergling x16  
  97  10:23  Zergling x4  
  107  10:42  Zergling x4  
  85  10:43  Zergling x16  
  85  10:49  Baneling x5  
  85  10:50  Baneling x2  
  80  11:01  Zergling x8  
  80  11:02  Zergling x4  
  81  11:05  Hatchery  
Tags
 
Add a new tag
Caveats
  • Supply blocks, unpowered buildings, or Contaminate may cause inaccurate times.
  • Supply counts are checked every 10 seconds.